 Dungeon Crawl Stone Soup version 0.16-a0-1970-g0967df0 (webtiles) character file.

42 timbw the Caller (level 3, -5/21 HPs)
             Began as a High Elf Summoner on Nov 7, 2014.
             Slain by a gnoll
             ... wielding a +0 club
              (7 damage)
             ... on level 4 of the Dungeon.
             The game lasted 00:03:36 (504 turns).

timbw the Caller (High Elf Summoner)                 Turns: 504, Time: 00:03:36

Health: -5/21      AC:  4    Str:  7    XL:     3   Next: 33%
Magic:  5/10       EV: 10    Int: 20    God:
Gold:   91         SH:  0    Dex: 15    Spells: 2 memorised, 5 levels left

rFire  . . .     SeeInvis .     h - +0 dagger
rCold  . . .     Clarity  .     g - +0 leather armour
rNeg   . . .     SustAb   .     (no shield)
rPois  .         Gourm    .     (no helmet)
rElec  .         Spirit   .     (no cloak)
rCorr  .         Warding  .     i - +0 pair of gloves
rMut   .         Stasis   .     (no boots)
MR     .....                    (no amulet)
Stlth  ++........               (no ring)
                                (no ring)

@: not resistant to hostile enchantments, unstealthy
A: no striking features
a: no special abilities


You were on level 4 of the Dungeon.
You were not hungry.

You visited 1 branch of the dungeon, and saw 4 of its levels.

You collected 91 gold pieces.

Inventory:

Hand weapons
 h - a +0 dagger (weapon)
Armour
 a - a +0 robe
 g - a +0 leather armour (worn)
 i - a +0 pair of gloves (worn)
Scrolls
 d - 2 scrolls of amnesia {unknown}
 e - a scroll of remove curse {unknown}
 f - a scroll of identify {unknown}
Books
 b - a book of Callings

   Spells                             Type                      Level
   *Summon Small Mammal               Summoning                    1
   *Call Imp                          Summoning                    2
   Call Canine Familiar               Summoning                    3
   Summon Guardian Golem              Hexes/Summoning              4
   Summon Lightning Spire             Summoning/Air                4
   Summon Ice Beast                   Ice/Summoning                4
Comestibles
 c - a bread ration
 j - a chunk of flesh


   Skills:
 - Level 2.1 Dodging
 - Level 2.1 Stealth
 + Level 3.3 Spellcasting
 + Level 4.2 Summonings


You had 5 spell levels left.
You knew the following spells:

 Your Spells              Type           Power        Failure   Level  Hunger
a - Summon Small Mammal   Summ           ###.         2%          1    None
b - Call Imp              Summ           ###.....     3%          2    ##.....


Dungeon Overview and Level Annotations

Branches:
Dungeon (4/15)
 Temple: D:4-7

Altars:
Zin

Annotations:
D:3 timbw's ghost, weakling DrSu
D:4 Dowan; Duvessa; Eustachio; Natasha


Message History

Your shadow imp gestures at Natasha.
The worm convulses in agony!
The rat closely misses your shadow imp.
The crimson imp blinks!
You found a teleport trap!
Your shadow imp barely misses the worm.
The rat misses your shadow imp. The worm bites your shadow imp!
A giant gecko comes into view.
Your white imp gestures at the worm.
The puff of frost hits the worm.
Your shadow imp hits the worm.
The rat barely misses your shadow imp.
Really walk into that teleport trap?
You enter a teleport trap!
The teleport trap disappears.
Your surroundings suddenly seem different. 4 gnolls, Duvessa and Dowan come into view.
Duvessa shouts!
Dowan shouts!
The gnoll shouts!
The gnoll shouts!
The gnoll shouts!
The gnoll hits you from afar with a spear.
* * * LOW HITPOINT WARNING * * *
Found a yellow potion.
The gnoll hits you with a club!
You die...

# # ##....
##......
#......
#.....
#....#
#....#
#...!####..
#.@g........
###.g.g.....
#g...e..#.
#....e..#
#.......#
#........
#.......
#######


You could see Duvessa, Dowan and 4 gnolls.

Vanquished Creatures
  Natasha (D:4)
  A hobgoblin (D:3)
  A kobold (D:4)
  A giant cockroach (D:3)
  A rat (D:2)
5 creatures vanquished.

Vanquished Creatures (collateral kills)
  An adder (D:4)
  A worm (D:3)
  An iguana skeleton (D:4)
  An orc (D:3)
  3 bats
  A hobgoblin (D:2)
  4 jackals (D:2)
  2 kobolds (D:2)
  A goblin (D:3)
15 creatures vanquished.

Vanquished Creatures (others)
  A shadow imp (D:4)
  A bat (D:3)
  2 quokkas (D:2)
  3 rats
7 creatures vanquished.

Grand Total: 27 creatures vanquished

Notes
Turn   | Place    | Note
--------------------------------------------------------------
     0 | D:1      | timbw, the High Elf Summoner, began the quest for the Orb.
     0 | D:1      | Reached XP level 1. HP: 11/11 MP: 4/4
   159 | D:3      | Noticed timbw's ghost (weakling DrSu)
   236 | D:2      | Found a glowing silver altar of Zin.
   324 | D:3      | Reached XP level 2. HP: 12/17 MP: 3/6
   336 | D:3      | Learned a level 2 spell: Call Imp
   355 | D:3      | Reached skill level 4 in Summonings
   461 | D:4      | Noticed Eustachio
   476 | D:4      | Noticed Natasha
   482 | D:4      | Killed Natasha
   482 | D:4      | Reached XP level 3. HP: 19/21 MP: 7/10
   496 | D:4      | Noticed Natasha
   503 | D:4      | Noticed Duvessa
   503 | D:4      | Noticed Dowan
   503 | D:4      | HP: 1/21 [gnoll/spear (5)]
   504 | D:4      | Slain by a gnoll

Action                   || total
-------------------------++-------
Melee: Dagger            ||    22
       Unarmed           ||     7
 Cast: Summon Small Mamm ||    23
       Call Imp          ||     9
 Stab: Confused          ||     2
       Sleeping          ||     1
       Distracted        ||     1
